 Dungeon Crawl Stone Soup version 0.21.1-1-g345015f (webtiles) character file.

310 DudePakas the Chopper (level 6, -6/56 HPs)
             Began as a Minotaur Berserker on Apr 6, 2018.
             Was an Initiate of Okawaru.
             Mangled by a polar bear (12 damage)
             ... created by the rage of Trog
             ... on level 3 of the Dungeon.
             The game lasted 00:09:58 (3277 turns).

DudePakas the Chopper (Minotaur Berserker)          Turns: 3277, Time: 00:09:58

Health: -6/56      AC:  9    Str: 23    XL:     6   Next: 17%
Magic:  5/5        EV:  9    Int:  4    God:    Okawaru [......]
Gold:   85         SH:  0    Dex: 10    Spells: 5/5 levels left

rFire    . . .     SeeInvis .   a - +0 hand axe
rCold    . . .     Gourm    .   (no shield)
rNeg     . . .     Faith    .   l - +0 chain mail
rPois    .         Spirit   .   (helmet restricted)
rElec    .         Reflect  .   (no cloak)
rCorr    .         Harm     .   (no gloves)
MR       .....                  (no boots)
Stlth    ..........             (no amulet)
HPRegen  0.18/turn              (no ring)
MPRegen  0.09/turn              (no ring)

@: no status effects
A: retaliatory headbutt, horns 2
a: Renounce Religion


You were on level 3 of the Dungeon.
You worshipped Okawaru.
Okawaru was noncommittal.
You were not hungry.

You visited 1 branch of the dungeon, and saw 3 of its levels.

You collected 85 gold pieces.

Inventory:

Hand Weapons
 a - a +0 hand axe (weapon)
 b - a +0 club
Armour
 l - a +0 chain mail (worn)
Wands
 j - a wand of random effects (26)
Scrolls
 d - 3 scrolls of teleportation
 e - a scroll of fear {unknown}
 f - a scroll of noise {unknown}
 g - a scroll of magic mapping {unknown}
 h - a scroll of blinking
 k - a scroll of enchant weapon {unknown}
Potions
 i - a potion of experience {unknown}
Comestibles
 c - 5 rations


   Skills:
 + Level 5.1 Fighting
 + Level 6.2 Axes
 + Level 3.4 Armour
 + Level 3.7 Dodging
 + Level 0.2 Stealth


You had 5 spell levels left.
You didn't know any spells.

Dungeon Overview and Level Annotations

Branches:
Dungeon (3/15)

Altars:
Okawaru


Innate Abilities, Weirdness & Mutations

You reflexively headbutt those who attack you in melee.
You have a pair of horns on your head.


Message History

You hit the polar bear but do no damage.
The polar bear is severely wounded.
The polar bear barely misses you.
The polar bear claws you but does no damage. x2
You barely miss the polar bear. You headbutt the polar bear.
The polar bear is severely wounded.
The polar bear barely misses you.
The polar bear claws you but does no damage.
The polar bear barely misses you.
You hit the polar bear.
The polar bear is severely wounded.
The polar bear bites you!
* * * LOW HITPOINT WARNING * * *
The polar bear claws you.
* * * LOW HITPOINT WARNING * * *
The polar bear claws you but does no damage.
The polar bear goes berserk!
You hear an angry growl.
The polar bear bites you!
You die...

..#############.....#.## ..#
#.#####..# ..# #.# ##.# ..#
#.######.## ..# #.....##..#
#.#############.#######.#####...
................................
#.#############.########.##.####
#.#####.........@h.......##...
..[............................
#.#############...#......##....
.................###.....##....
##....######.............##.# #
##....# #...#.)...#...##.# ##
......# ##.##.._..##..##.# #.
......# #..#.).).#....#.# #.
......# #.............#)# #.


You could see a polar bear (berserk).

Vanquished Creatures
  3 orc priests (D:3)
  Terence (D:3)
  A worker ant (D:3)
  5 adders
  An ooze (D:2)
  5 worms
  3 dart slugs
  3 leopard geckos
  7 orcs (D:3)
  2 ball pythons (D:3)
  3 giant cockroaches (D:1)
  7 goblins
  11 hobgoblins
  12 jackals (D:1)
  A quokka (D:3)
  9 bats
  4 frilled lizards
  8 kobolds
  5 rats
91 creatures vanquished.

Notes
Turn   | Place    | Note
-------+----------+-------------------------------------------
     0 | D:1      | DudePakas the Minotaur Berserker began the quest for the Orb.
     0 | D:1      | Reached XP level 1. HP: 19/19 MP: 0/0
   252 | D:1      | Reached XP level 2. HP: 26/27 MP: 1/1
   253 | D:1      | Reached skill level 4 in Axes
   684 | D:1      | Reached XP level 3. HP: 29/33 MP: 2/2
   995 | D:1      | Reached ** piety under Trog
  1270 | D:2      | Reached XP level 4. HP: 35/41 MP: 3/3
  1640 | D:3      | Reached skill level 5 in Axes
  1808 | D:3      | Reached XP level 5. HP: 29/47 MP: 4/4
  2070 | D:3      | Noticed Terence
  2080 | D:3      | Killed Terence
  2205 | D:3      | Found an iron altar of Okawaru.
  2238 | D:3      | Fell from the grace of Trog
  2238 | D:3      | Became a worshipper of Warmaster Okawaru
  2370 | D:3      | Reached skill level 6 in Axes
  2374 | D:3      | Reached skill level 5 in Fighting
  2383 | D:3      | Reached XP level 6. HP: 10/56 MP: 5/5
  2681 | D:3      | Noticed a polar bear
  2681 | D:3      | Noticed a polar bear
  2681 | D:3      | Noticed a polar bear
  2681 | D:3      | Noticed a polar bear
  2681 | D:3      | Noticed a polar bear
  3277 | D:3      | Mangled by a polar bear

Skill      XL: |  1  2  3  4  5 |
---------------+----------------+-----
Axes           | 4 5 6 |  6.2
Fighting       | 4 5 |  5.1
Dodging        | 3 |  3.7
Armour         | 3 |  3.4
Stealth        | |  0.2

Action                   |  1- 3 |  4- 6 || total
-------------------------+-------+-------++-------
Melee: Hand axe          |    99 |   124 ||   223
       Headbutt          |    14 |    30 ||    44
Invok: Berserk           |       |     2 ||     2
  Use: Scroll            |     1 |     2 ||     3
  Eat: Chunk             |     1 |     5 ||     6
       Ration            |       |     1 ||     1
Armor: Animal skin       |    13 |       ||    13
       Leather armour    |    10 |     4 ||    14
       Chain mail        |       |    36 ||    36
       Ring mail         |       |     3 ||     3
Dodge: Dodged            |    67 |    61 ||   128
